 Dungeon Crawl Stone Soup version 0.25-a0-528-g6b7c99946c (webtiles) character file.

Game seed: 13399186674756410659, levelgen mode: deterministic

14547 Roikka the Summoner (level 12, 0/71 HPs)
             Began as a Gargoyle Summoner on Feb 19, 2020.
             Was a High Priest of the Shining One.
             Slain by a death scarab (19 damage)
             ... in a Gauntlet.
             The game lasted 00:58:03 (15770 turns).

Roikka the Summoner (Gargoyle Summoner)            Turns: 15770, Time: 00:58:03

Health: 0/71       AC: 15    Str: 14    XL:     12   Next: 17%
Magic:  6/8        EV: 11    Int: 19    God:    the Shining One [*****.]
Gold:   655        SH: 12    Dex: 16    Spells: 17/29 levels left

rFire    + + .     SeeInvis .   a - +8 flail of the Tomato {antimagic, rF+ Dex+6}
rCold    . . .     Gourm    .   q - +1 kite shield
rNeg     + + +     Faith    .   o - +2 leather armour {rPois}
rPois    ∞         Spirit   .   s - +0 helmet
rElec    +         Reflect  .   k - +0 cloak
rCorr    .         Harm     .   (no gloves)
MR       .....     NoTele   +   (no boots)
Stlth    +.........             (no amulet)
HPRegen  0.21/turn              E - ring of wizardry
MPRegen  0.11/turn              z - ring of protection from fire

@: slowed, glowing, very slow
A: negative energy resistance 1, electricity resistance, unbreathing,
petrification resistance, rot immunity, AC +8
a: Divine Shield, Cleansing Flame, Summon Divine Warrior, Renounce Religion


You were in a Gauntlet.
You worshipped the Shining One.
The Shining One was extremely pleased with you.
You were hungry.

You visited 2 branches of the dungeon, and saw 13 of its levels.
You also visited: Gauntlet.

You collected 864 gold pieces.
You spent 209 gold pieces at shops.

Inventory:

Hand Weapons
 a - the +8 flail of the Tomato (weapon) {antimagic, rF+ Dex+6}
   (You found it on level 8 of the Dungeon)

   It reduces the magical energy of the wielder, and disrupts the spells and
   magical abilities of those hit.
   Natural abilities and divine invocations are not affected.
   It affects your dexterity (+6).
   It protects you from fire.
 j - a +1 whip of freezing
 D - a +0 whip of electrocution
 L - a +0 spear
Missiles
 g - 7 boomerangs of dispersal (quivered)
 v - a throwing net
Armour
 b - a scarf of cloud immunity
 k - a +0 cloak (worn)
 l - +0 fire dragon scales
 o - a +2 leather armour of poison resistance (worn)
 q - a +1 kite shield (worn)
 s - a +0 helmet (worn)
 J - a +0 troll leather armour
 K - the +0 pair of boots of Rusilan {*Drain rF+++ Str-3 Int+4}
   (You found it on level 11 of the Dungeon)

   It affects your strength (-3).
   It affects your intelligence (+4).
   It renders you almost immune to fire.
   It causes draining when unequipped.
   If you switch to wearing this armour, your AC will increase by 1 (15 -> 16).
Jewellery
 n - an uncursed ring of ice
 r - an uncursed ring of resist corrosion
 z - a ring of protection from fire (right hand)
 E - a ring of wizardry (left hand)
 N - the ring "Efyuluja" {MR++ Stlth-}
   (You found it in a Gauntlet)

   [ring of attention]

   It affects your resistance to hostile enchantments.
   It makes you less stealthy.
Wands
 p - a wand of enslavement (9)
 I - a wand of flame (23)
 M - a wand of iceblast (9)
Scrolls
 d - a scroll of enchant weapon
 e - 7 scrolls of remove curse
 f - a scroll of fear
 h - a scroll of magic mapping
 i - 2 scrolls of amnesia
 w - a scroll of enchant armour
 y - a scroll of teleportation
 G - 2 scrolls of identify
Potions
 m - 4 potions of brilliance
 t - 3 potions of curing
 u - 3 potions of haste {unknown}
 x - 2 potions of heal wounds {unknown}
 A - 2 potions of cancellation {unknown}
 B - 2 potions of lignification {unknown}
 C - a potion of magic {unknown}
 F - 3 potions of flight {unknown}
 H - a potion of ambrosia {unknown}
Comestibles
 c - 21 rations


   Skills:
 + Level 6.9 Fighting
 + Level 5.9 Maces & Flails
 - Level 2.0 Dodging
 - Level 2.1 Stealth
 + Level 9.4 Shields
 * Level 9.2 Spellcasting
 * Level 9.7 Summonings
 + Level 4.4 Air Magic
 + Level 1.9 Invocations


You had 17 spell levels left.
You knew the following spells:

 Your Spells              Type           Power        Failure   Level  Hunger
a - Summon Small Mammal   Summ           ####         1%          1    None
b - Call Canine Familiar  Summ           #####...     1%          3    None
c - Summon Lightning Spi  Summ/Air       #####...     4%          4    ###....
d - Summon Ice Beast      Ice/Summ       ####....     12%         4    ###....

Your spell library contained the following spells:

 Spells                   Type           Power        Failure   Level  Hunger
 Call Imp                 Summ           #####...     1%          2    None
 Summon Guardian Golem    Hex/Summ       ####....     3%          3    None
 Animate Skeleton         Necr           N/A          9%          1    None
 Beastly Appendage        Tmut           #.....       9%          1    None
 Magic Dart               Conj           #...         9%          1    None
 Pain                     Necr           #...         9%          1    None
 Searing Ray              Conj           #.....       13%         2    None
 Sticks to Snakes         Tmut           #.......     13%         2    None
 Dazzling Flash           Conj/Hex       #.....       26%         3    None
 Spider Form              Tmut/Pois      #.........   26%         3    None
 Vampiric Draining        Necr           #.........   26%         3    None
 Animate Dead             Necr           N/A          61%         4    ###....
 Fulminant Prism          Conj/Hex       #.........   61%         4    ###....
 Ice Form                 Ice/Tmut       #.......     61%         4    ###....
 Iskenderun's Mystic Bla  Conj/Tloc      #.......     61%         4    ###....
 Agony                    Necr           #.......     90%         5    #####..
 Blade Hands              Tmut           #.........   90%         5    #####..


Dungeon Overview and Level Annotations

Branches:
Dungeon (12/15)            Temple (0/1) D:4            Lair (1/6) D:10
    Orc (0/2) D:11        Gauntlet (1/1)

Altars:
Dithmenos
Fedhas
Hepliaklqana
Kikubaaqudgha
Nemelex Xobeh
Okawaru
Qazlal
Ru
Sif Muna
Vehumet
Xom
Yredelemnul
Zin
The Shining One

Shops:
D:6 :   D:10 *

Annotations:
Gauntlet 7 transporters, 1 runed translucent door, exclusion: oklob plant


Innate Abilities, Weirdness & Mutations

You are resistant to torment.
Your stone body is resilient. (AC +8)
You are immune to poison.
You resist negative energy. (rN+)
You are resistant to electric shocks. (rElec)
You can survive without breathing.
You are immune to petrification.
You are immune to rotting.


Message History

The death scarab is moderately damaged.
You block the death scarab's attack. The death scarab bites you.
The death scarab bites you but does no damage.
You block the death scarab's attack.
You hit the death scarab but do no damage.
The death scarab is moderately damaged.
You block the death scarab's attack. You block the death scarab's attack.
The death scarab barely misses you.
You hit the death scarab.
The death scarab is moderately damaged.
The death scarab bites you. The death scarab drains your vigour!
You feel as though you will be slow longer.
The death scarab bites you. The death scarab drains your vigour!
You feel as though you will be slow longer.
The death scarab bites you but does no damage.
The death scarab bites you.
* * * LOW HITPOINT WARNING * * *
The death scarab bites you!!
You die...

...#©.........©#....≈##
#########.#########.##
##.#.#s##.#......^#.≈##
#.#.#.#a#.#.#####.#.≈≈#
##.#.#.##.#Z+...'.#.≈##
#.#.#©#.###s#.©.#.#.##
##.#.#.##.#.#≈≈≈#.#.≈##
#.#[#?#.#.#.#####.#.≈≈#
##)#©#.##.#^??©=@s#.≈##
#########.#########.##
....................≈#
#≈≈≈#..∩.8.∩..#≈≈≈#≈≈≈#
##≈###.......###≈###≈##
### ######### ### ##
......... 8.8.©.©.8.8
.............


You could see a spectral dream sheep and a death scarab.

Vanquished Creatures
  Erolcha (D:9)
  An unseen horror (D:12)
  2 cyclopes (D:11)
  A smoke demon (Gauntlet)
  A torpor snail (Gauntlet)
  A spiny frog (D:10)
  3 trolls (D:9)
  2 hippogriffs (D:9)
  A wraith (D:10)
  A wyvern (D:10)
  15 yaks
  2 basilisks
  A water moccasin (D:10)
  4 porcupines
  7 orc warriors
  A spectral torpor snail (Gauntlet)
  2 black bears
  A slave (D:5)
  3 ice beasts
  3 sky beasts
  2 phantoms
  3 centaurs
  5 ogres
  4 big kobolds
  4 crocodiles
  A wyvern zombie (D:7)
  3 bullfrogs
  A scorpion (D:9)
  3 killer bees
  2 howler monkeys (D:10)
  6 crimson imps
  A centaur zombie (D:8)
  2 quasits
  6 hounds
  5 orc priests
  2 bullfrog skeletons
  2 centaur skeletons
  5 jellies
  A gnoll shaman (D:5)
  2 iguanas (D:10)
  4 orc wizards
  7 worker ants
  Natasha (D:4)
  A killer bee zombie (D:6)
  A hound skeleton (D:4)
  Robin (D:4)
  4 gnolls
  2 howler monkey skeletons
  9 adders
  A shadow imp (D:10)
  2 adder zombies (D:7)
  An adder skeleton (D:8)
  3 worms
  A dart slug (D:3)
  3 leopard geckos
  17 orcs
  A ball python (D:2)
  7 bats
  A giant cockroach (D:5)
  14 goblins
  4 hobgoblins
  5 jackals
  17 kobolds
  8 quokkas
  4 frilled lizards
  A leopard gecko skeleton (D:5)
  2 quokka skeletons
  7 rats
242 creatures vanquished.

Vanquished Creatures (collateral kills)
  A hydra (D:11)
  A two-headed ogre (D:12)
  Pikel (D:5)
  A cyclops (D:11)
  Maurice (D:11)
  2 trolls
  4 yaks
  An orc warrior (D:8)
  2 sky beasts
  2 ice beasts
  A phantom (D:5)
  2 black bears (D:9)
  A slave (D:6)
  An ogre (D:4)
  A centaur (D:11)
  6 orc priests
  2 hounds
  5 orc wizards
  Jessica (D:2)
  Natasha (twice) (D:4)
  A worker ant (D:8)
  4 adders
  2 gnolls
  3 leopard geckos
  19 orcs
  A ball python (D:1)
  5 goblins
  3 hobgoblins
  A jackal (D:5)
  2 quokkas
  A bat (D:1)
  A frilled lizard (D:1)
  6 kobolds
  2 rats (D:1)
89 creatures vanquished.

Vanquished Creatures (others)
  A plant (D:10)
1 creature vanquished.

Grand Total: 332 creatures vanquished

Notes
Turn   | Place    | Note
-------+----------+-------------------------------------------
     0 | D:1      | Roikka the Gargoyle Summoner began the quest for the Orb.
     0 | D:1      | Reached XP level 1. HP: 10/10 MP: 3/3
   323 | D:1      | Reached XP level 2. HP: 15/15 MP: 3/5
   820 | D:1      | Reached XP level 3. HP: 18/20 MP: 4/6
  1331 | D:2      | Learned a level 2 spell: Call Imp
  1336 | D:2      | Reached skill level 1 in Fighting
  1420 | D:2      | Noticed Jessica
  1431 | D:2      | Killed Jessica
  1543 | D:2      | Reached XP level 4. HP: 25/25 MP: 8/8
  2087 | D:3      | Reached skill level 1 in Maces & Flails
  2165 | D:3      | Found a glowing golden altar of the Shining One.
  2170 | D:3      | Became a worshipper of the Shining One
  2430 | D:3      | Learned a level 3 spell: Call Canine Familiar
  2435 | D:3      | Learned a level 4 spell: Summon Lightning Spire
  2876 | D:3      | Reached XP level 5. HP: 24/30 MP: 3/9
  2999 | D:4      | Noticed an ogre
  3006 | D:4      | Killed an ogre
  3006 | D:4      | Reached skill level 1 in Shields
  3470 | D:4      | Found an iron altar of Okawaru.
  3471 | D:4      | Found a radiant altar of Vehumet.
  3471 | D:4      | Found a sparkling altar of Nemelex Xobeh.
  3489 | D:4      | Noticed Robin
  3516 | D:4      | Reached skill level 1 in Air Magic
  3520 | D:4      | Killed Robin
  3520 | D:4      | Reached XP level 6. HP: 26/35 MP: 3/10
  3535 | D:4      | Noticed Natasha
  3543 | D:4      | Killed Natasha
  3562 | D:4      | Noticed Natasha
  3568 | D:4      | Killed Natasha
  3568 | D:4      | Reached * piety under the Shining One
  3609 | D:4      | Noticed Natasha
  3618 | D:4      | Killed Natasha
  3868 | D:4      | Found a staircase to the Ecumenical Temple.
  4056 | D:4      | Reached XP level 7. HP: 20/40 MP: 6/12
  4624 | D:3      | Found a hazy altar of Hepliaklqana.
  5431 | D:5      | Entered Level 5 of the Dungeon
  5649 | D:5      | Reached skill level 5 in Summonings
  6070 | D:5      | Reached ** piety under the Shining One
  6187 | D:5      | Reached XP level 8. HP: 39/44 MP: 11/14
  6412 | D:6      | Got a warped dagger
  6413 | D:6      | Identified the cursed +1 dagger of Due Proportion {venom,
                  | rC+ MR+ Dex+2} (You found it on level 6 of the Dungeon)
  6441 | D:6      | Found a blossoming altar of Fedhas.
  6450 | D:6      | Found Anealuu's Book Emporium.
  6475 | D:6      | Noticed Pikel
  6680 | D:5      | Killed Pikel
  6900 | D:6      | Learned a level 4 spell: Summon Ice Beast
  7099 | D:6      | Found a glowing silver altar of Zin.
  7156 | D:6      | Found a shimmering altar of Xom.
  7237 | D:6      | Reached skill level 5 in Shields
  7315 | D:6      | Found an ancient bone altar of Kikubaaqudgha.
  7403 | D:7      | Reached skill level 5 in Spellcasting
  7403 | D:7      | Reached XP level 9. HP: 49/49 MP: 12/16
  7484 | D:7      | Found a sacrificial altar of Ru.
  8506 | D:8      | Reached *** piety under the Shining One
  8543 | D:8      | Found a shadowy altar of Dithmenos.
  8906 | D:8      | Got an ichor-stained flail
  8907 | D:8      | Identified the +8 flail of the Tomato {antimagic, rF+
                  | Dex+6} (You found it on level 8 of the Dungeon)
  9083 | D:8      | Found a shimmering blue altar of Sif Muna.
  9199 | D:9      | Noticed Erolcha
  9212 | D:9      | Killed Erolcha
  9212 | D:9      | Reached XP level 10. HP: 56/56 MP: 6/19
  9834 | D:9      | Found a stormy altar of Qazlal.
 10122 | D:10     | Entered Level 10 of the Dungeon
 10136 | D:10     | Found a basalt altar of Yredelemnul.
 10927 | D:10     | Reached skill level 5 in Fighting
 11035 | D:10     | Found Ymeraf's Assorted Antiques.
 11040 | D:10     | Bought a scroll labeled FOMMIO HUHUTUFE for 31 gold pieces
 11040 | D:10     | Bought a scroll labeled OFIGOBL DOTACW for 31 gold pieces
 11040 | D:10     | Bought a scroll labeled USANTA FAGERPHOO for 31 gold pieces
 11040 | D:10     | Bought a fuming ruby potion for 27 gold pieces
 11040 | D:10     | Bought a scroll labeled ZALISK ERRUVA for 31 gold pieces
 11040 | D:10     | Bought a scroll labeled IMIULU CANGO for 31 gold pieces
 11040 | D:10     | Bought a purple potion for 27 gold pieces
 11393 | D:10     | Found a staircase to the Lair.
 11415 | D:10     | Reached XP level 11. HP: 41/64 MP: 4/22
 12377 | Lair:1   | Entered Level 1 of the Lair of Beasts
 12762 | D:11     | Reached **** piety under the Shining One
 12882 | D:11     | Noticed a four-headed hydra
 12892 | D:11     | Killed a four-headed hydra
 12928 | D:9      | Reached skill level 5 in Maces & Flails
 13529 | D:11     | Noticed Maurice
 13538 | D:11     | Killed Maurice
 13744 | D:11     | Got a pair of slimy boots
 13746 | D:11     | Identified the +0 pair of boots of Rusilan {*Drain rF+++
                  | Str-3 Int+4} (You found it on level 11 of the Dungeon)
 13831 | D:11     | Noticed a cyclops
 13852 | D:11     | Killed a cyclops
 14741 | D:11     | Found a staircase to the Orcish Mines.
 14853 | D:11     | Noticed a cyclops
 14881 | D:11     | Killed a cyclops
 15006 | D:11     | Noticed a cyclops
 15025 | D:11     | Killed a cyclops
 15181 | D:12     | Noticed a two-headed ogre
 15188 | D:12     | Killed a two-headed ogre
 15208 | D:12     | Noticed an unseen horror
 15209 | D:12     | Found a gate leading to a gauntlet.
 15242 | D:12     | Killed an unseen horror
 15242 | D:12     | Reached skill level 1 in Invocations
 15242 | D:12     | Reached XP level 12. HP: 49/71 MP: 4/25
 15250 | Gauntlet | Entered a Gauntlet
 15250 | Gauntlet | Found a transporter.
 15250 | Gauntlet | Found a transporter.
 15254 | Gauntlet | Found a transporter.
 15254 | Gauntlet | Found a transporter.
 15274 | Gauntlet | Found a transporter.
 15285 | Gauntlet | Found a transporter.
 15286 | Gauntlet | Found a transporter.
 15293 | Gauntlet | Noticed an entropy weaver
 15295 | Gauntlet | Found a transporter.
 15310 | Gauntlet | Noticed a death scarab
 15310 | Gauntlet | Noticed a death scarab
 15311 | Gauntlet | Found a runed translucent door.
 15313 | Gauntlet | Found a transporter.
 15315 | Gauntlet | Found a runed translucent door.
 15328 | Gauntlet | Found a transporter.
 15332 | Gauntlet | Found a transporter.
 15346 | Gauntlet | Found a transporter.
 15397 | Gauntlet | Reached ***** piety under the Shining One
 15718 | Gauntlet | Got a twitching lead ring
 15735 | Gauntlet | Identified the ring "Efyuluja" {MR++ Stlth-} (You found it
                  | in a Gauntlet)
 15770 | Gauntlet | Slain by a death scarab

Levels and vault maps discovered:
D:1:      dpeg_arrival_tiny_g, layout_loops_ring, minmay_box_of_dots
D:2:      layout_loops_ring, uniq_jessica
D:3:      layout_basic, marbit_many_paths, tso_oasis_becter, first_ration
D:4:      layout_cave_pods, chequers_temple_overflow_statue_of_worship,
          minmay_temple_entry_overgrown, uniq_natasha, uniq_robin
D:5:      layout_loops_ring, item_on_display_a
D:6:      layout_gridville, grunt_temple_overflow_growth_and_decay, tgw_xom,
          zin_statuary, serial_shops, nicolae_shop_waterfront, uniq_pikel
D:7:      layout_cave_pods, lemuel_round_altar
D:8:      layout_loops_cross, nicolae_overflow_crystal_walls,
          lemuel_blue_sif_altar
D:9:      layout_loops_ring, grunt_qazlal_sundering, blue_anna_alchemist
          [blue_anna_fruit_fields, blue_anna_fruit_fields], uniq_erolcha
D:10:     layout_long_grid, minmay_lair_entry_grove, serial_shops,
          kennysheep_little_box, basic_altar
D:11:     layout_long_grid, david_orc_4, uniq_maurice
D:12:     layout_basic, serial_shops, nicolae_shop_stone, basic_altar,
          gauntlet_entry_generic, lemuel_hellish_altar
Lair:1:   layout_layer_cave, infiniplex_staircase_pool, uniq_maggie
Gauntlet: minmay_gauntlet_77_indecision [minmay_gauntlet_arena_77_block_sizes,
          minmay_gauntlet_arena_77_terracotta_army,
          minmay_gauntlet_arena_77_double_cross,
          minmay_gauntlet_arena_77_chump_sandwich,
          minmay_gauntlet_arena_77_shame_cube,
          minmay_gauntlet_arena_77_checkered, gauntlet_exit_hidden_loot]

Skill      XL: |  1  2  3  4  5  6  7  8  9 10 11 |
---------------+----------------------------------+-----
Dodging        | 2 |  2.0
Summonings     | 4 5 6 7 8 9 |  9.7
Fighting       | 1 2 4 5 6 |  6.9
Maces & Flails | 1 2 3 4 5 |  5.9
Shields        | 1 3 4 5 7 8 9 |  9.4
Spellcasting   | 3 4 5 6 7 9 |  9.2
Air Magic      | 1 2 3 4 |  4.4
Invocations    | 1 |  1.9
Stealth        | |  2.1

Action                   |  1- 3 |  4- 6 |  7- 9 | 10-12 || total
-------------------------+-------+-------+-------+-------++-------
Melee: Short sword       |    98 |       |       |       ||    98
       Unarmed           |     5 |       |       |       ||     5
       Whip              |    13 |   213 |   460 |       ||   686
       Flail             |       |       |    26 |   495 ||   521
Throw: Boomerang         |       |     1 |       |       ||     1
 Cast: Summon Small Mamm |    18 |     5 |       |     1 ||    24
       Call Canine Famil |       |    14 |    21 |    41 ||    76
       Call Imp          |       |     3 |       |       ||     3
       Summon Lightning  |       |       |     2 |    12 ||    14
       Summon Ice Beast  |       |       |       |     1 ||     1
  Use: Scroll            |       |     8 |     3 |    11 ||    22
       Potion            |       |       |     3 |       ||     3
 Stab: Sleeping          |     4 |     2 |       |       ||     6
  Eat: Chunk             |     2 |    10 |    15 |    17 ||    44
       Ration            |       |       |     1 |     2 ||     3
Armor: Robe              |    48 |    37 |       |       ||    85
       Leather armour    |       |    63 |   223 |   273 ||   559
Dodge: Dodged            |    80 |   119 |   275 |   274 ||   748
Block: Kite shield       |       |       |    50 |   421 ||   471

Table legend:
 A = Non-vault XP
 B = Vault XP
 C = Vault XP percentage of total XP
 D = Non-vault monster count
 E = Vault monster count
 F = Vault count percentage of total count
                 A         B        C        D         E       F
            +---------+---------+-------+---------+---------+-------
      Total |   14508 |    6274 |  30.2 |     264 |      65 |  19.8
            +---------+---------+-------+---------+---------+-------
        D:1 |      38 |       3 |   7.3 |      26 |       3 |  10.3
        D:2 |      41 |      21 |  33.9 |      15 |       1 |   6.2
        D:3 |     158 |       2 |   1.2 |      31 |       1 |   3.1
        D:4 |     419 |      58 |  12.2 |      18 |      13 |  41.9
        D:5 |     562 |     602 |  51.7 |      29 |       1 |   3.3
        D:6 |     418 |      10 |   2.3 |       8 |       1 |  11.1
        D:7 |     878 |       0 |   0.0 |      20 |       0 |   0.0
        D:8 |     973 |      14 |   1.4 |      20 |       1 |   4.8
        D:9 |    2939 |    1990 |  40.4 |      24 |      11 |  31.4
       D:10 |    2287 |     632 |  21.7 |      29 |       6 |  17.1
       D:11 |    4066 |     792 |  16.3 |      39 |      14 |  26.4
       D:12 |    1475 |       0 |   0.0 |       3 |       0 |   0.0
     Lair:1 |     254 |       0 |   0.0 |       2 |       0 |   0.0
   Gauntlet |       0 |    2150 | 100.0 |       0 |      13 | 100.0
            +---------+---------+-------+---------+---------+-------
